 Dungeon Crawl Stone Soup version 0.24.0-13-gcf9b319 (webtiles) character file.

Game seed: 8966574918802648326, levelgen mode: deterministic

135 mechop the Slasher (level 4, 0/40 HPs)
             Began as a Draconian Berserker on Mar 2, 2020.
             Was a Believer of Trog.
             Slain by Sigmund
             ... wielding a +3 scythe of freezing
              (3 damage)
             ... on level 3 of the Dungeon.
             The game lasted 00:25:56 (3743 turns).

mechop the Slasher (Draconian Berserker)            Turns: 3743, Time: 00:25:56

Health: 0/40       AC:  5    Str: 20    XL:     4   Next: 97%
Magic:  4/4        EV: 13    Int:  7    God:    Trog [**....]
Gold:   84         SH:  0    Dex: 11    Spells: 3/3 levels left

rFire    . . .     SeeInvis .   a - +0 falchion
rCold    . . .     Gourm    .   (no shield)
rNeg     . . .     Faith    .   (armour unavailable)
rPois    .         Spirit   .   (helmet restricted)
rElec    .         Reflect  .   (no cloak)
rCorr    .         Harm     .   (no gloves)
MR       .....                  (no boots)
Stlth    +.........             (no amulet)
HPRegen  0.13/turn              (no ring)
MPRegen  0.09/turn              (no ring)

@: confused, slowed, very slow
A: unfitting armour, cold-blooded, AC +5
a: Berserk, Trog's Hand, Renounce Religion


You were on level 3 of the Dungeon.
You worshipped Trog.
Trog was pleased with you.
You were not hungry.

You visited 1 branch of the dungeon, and saw 3 of its levels.

You collected 84 gold pieces.

Inventory:

Hand Weapons
 a - a +0 falchion (weapon)
Missiles
 l - 117 stones (quivered)
 p - 34 sling bullets
 t - 14 arrows
Armour
 k - a +0 chain mail
 m - a +0 leather armour
 o - a +0 robe
Scrolls
 c - a scroll of random uselessness {unknown}
 d - 3 scrolls of remove curse
 g - a scroll of noise {unknown}
 h - 2 scrolls of identify
 i - 3 scrolls of fear {unknown}
 n - 2 scrolls of teleportation {unknown}
 q - a scroll of enchant armour {unknown}
 u - a scroll of enchant weapon {unknown}
Potions
 e - a potion of degeneration {unknown}
 f - a potion of magic {unknown}
 j - a potion of ambrosia
 r - a potion of agility {unknown}
 s - a potion of flight {unknown}
 v - a potion of cancellation {unknown}
Comestibles
 b - 5 rations


   Skills:
 + Level 4.1 Fighting
 + Level 4.4 Long Blades
 + Level 0.1 Throwing
 + Level 3.4 Dodging
 * Level 1.1 Stealth


You had 3 spell levels left.
You didn't know any spells.
Your spell library contained the following spells:

 Spells                   Type           Power        Failure   Level  Hunger
 Beastly Appendage        Tmut           #.....       43%         1    ##.....
 Sticks to Snakes         Tmut           #.......     56%         2    ###....
 Spider Form              Tmut/Pois      #.........   80%         3    ####...
 Ice Form                 Ice/Tmut       #.......     99%         4    #####..
 Blade Hands              Tmut           #.........   100%        5    ######.


Dungeon Overview and Level Annotations

Branches:
Dungeon (3/15)

Altars:

Annotations:
D:3 Sigmund


Innate Abilities, Weirdness & Mutations

Your plain brown scales are hard. (AC +5)
You cannot fit into any form of body armour.
You are cold-blooded and may be slowed by cold attacks.


Message History

Sigmund gestures at you while chanting.
You are confused.
You're too confused!
You bump into the rock wall.
Sigmund casts a spell at you.
You are more confused.
You bump into the rock wall.
Sigmund hits you with a +3 scythe of freezing!
Sigmund freezes you.
You're too confused!
Sigmund hits you from afar with a +3 scythe of freezing!
You feel yourself slow down. Sigmund freezes you.
* * * LOW HITPOINT WARNING * * *
You're too confused!
You bump into the rock wall.
Sigmund says, "Look into my eyes."
Sigmund hits you from afar with a +3 scythe of freezing!
* * * LOW HITPOINT WARNING * * *
Sigmund freezes you.
You die...

...#.########
#..≈
............#
#..
###.#######.#
#.. ♣♣#.# #.#
#≈. .♣#.# #.#
#.# [♣#.# #.#
#.# ..'.# #.#
#@# .♣###
#.####.# .♣
#.....@# ♣♣
########


You could see Sigmund.

Vanquished Creatures
  A bullfrog zombie (D:3)
  4 adders
  An ooze (D:2)
  A worm (D:2)
  2 dart slugs
  A leopard gecko (D:1)
  An orc (D:3)
  3 giant cockroaches (D:1)
  8 goblins
  7 hobgoblins
  3 quokkas
  A ball python (D:2)
  6 bats
  7 frilled lizards
  2 kobolds (D:1)
  8 rats
56 creatures vanquished.

Notes
Turn   | Place    | Note
-------+----------+-------------------------------------------
     0 | D:1      | mechop the Draconian Berserker began the quest for the Orb.
     0 | D:1      | Reached XP level 1. HP: 19/19 MP: 1/1
   352 | D:1      | Reached XP level 2. HP: 26/26 MP: 2/2
   895 | D:1      | Reached ** piety under Trog
  2069 | D:2      | Reached XP level 3. HP: 31/33 MP: 3/3
  2575 | D:2      | Reached XP level 4. HP: 24/40 MP: 4/4
  3443 | D:3      | Reached skill level 1 in Stealth
  3737 | D:3      | Noticed Sigmund
  3743 | D:3      | Slain by Sigmund

Levels and vault maps discovered:
D:1:      sevenhm_arrival_forest_fort_large_2, layout_loops_corners,
          minivault_25
D:2:      layout_loops_cross
D:3:      layout_basic, chequers_ecumenical_altar_island, first_ration,
          minmay_misc_feat_five, minmay_crystal_room,
          kennysheep_generic_room_11, uniq_robin, uniq_terence, uniq_jessica,
          uniq_sigmund

Skill      XL: |  1  2  3  4 |
---------------+-------------+-----
Dodging        | 3 |  3.4
Long Blades    | 4 |  4.4
Fighting       | 4 |  4.1
Stealth        | 1 |  1.1
Throwing       | |  0.1

Action                   |  1- 3 |  4- 6 || total
-------------------------+-------+-------++-------
Melee: Falchion          |   123 |    38 ||   161
       Tailslap          |    10 |     7 ||    17
Throw: Stone             |    13 |     2 ||    15
Invok: Berserk           |       |     1 ||     1
  Use: Scroll            |     2 |       ||     2
  Eat: Ration            |     1 |     1 ||     2
       Chunk             |     2 |     1 ||     3
Armor: Skin              |    46 |    12 ||    58
Dodge: Dodged            |   101 |    42 ||   143
       Rpst.: Falchion   |    28 |    14 ||    42
